cohdb
Replays
Latest Replays
All Replays
Popular Replays
Top Player Replays
Match Explorer
How It Works
Community
CoH3 Stats
Reddit
Sign in to upload your games and track your stats! →
Sign in with Steam
Match 38141510
Unlisted
Match 38141510
Overview
Messages
Build Orders
End
Panzergrenadier Squad
250 Light Carrier
Panzergrenadier Squad
Construct Light Support Kompanie
MG34 Team
Combat Half-tracks
Fire Support Elements
2.5-tonne Medical Truck
Selects Italian Infantry
Veteran Squad Leaders
Selects Guastatori Squad
Flakvierling Half-track
Selects Defensive Operations
Construct Panzerarmee Kommand
Selects Registered Artillery
Guastatori Squad
Registered Artillery
Selects Towed Cannone da 105/28 Field Howitzer
Armored Reserves
Panzerjäger Mechanized Group
Selects Territory Booby Traps
Registered Artillery
Vehicle Survival Package
Registered Artillery
Towed Cannone da 105/28 Field Howitzer
Tiger Heavy Tank
Tungsten Core Ammunition
Selects Obice 305mm Barrage
Obice 305mm Barrage
Emergency Repair Kits
Registered Artillery
Obice 305mm Barrage
Panzer IV Assault Group
Walking Stuka Rocket Launcher
Obice 305mm Barrage
Doomster
^kuku
Roy Bleach
moon star-TR
STALKER4732
ezh
kit.ohume
Devochkin
0
0
Comments
sign in to comment!
No comments posted yet!